 Dungeon Crawl Stone Soup version 0.18.1-50-g88ac8fd (webtiles) character file.

4 ololoev the Magician (level 1, 0/10 HPs)
             Began as a Deep Elf Earth Elementalist on Dec 6, 2016.
             Killed from afar by Sigmund (9 damage)
             ... with a magic dart
             ... on level 3 of the Dungeon.
             The game lasted 00:01:17 (231 turns).

ololoev the Magician (Deep Elf Earth Elementalist)   Turns: 231, Time: 00:01:18

Health: 0/10       AC:  2    Str:  5    XL:     1   Next: 58%
Magic:  4/7        EV: 13    Int: 19    God:
Gold:   17         SH:  0    Dex: 15    Spells: 1 memorised, 6 levels left

rFire  . . .     SeeInvis .     b - 37 stones
rCold  . . .     Gourm    .     a - +0 robe
rNeg   . . .     Faith    .     (no shield)
rPois  .         Spirit   .     (no helmet)
rElec  .         Dismiss  .     (no cloak)
rCorr  .         Reflect  .     (no gloves)
SustAt .         Harm     .     (no boots)
MR     .....                    (no amulet)
Stlth  ++........               (no ring)
                                (no ring)

@: not resistant to hostile enchantments, unstealthy
A: no striking features
a: no special abilities

Inventory:

Missiles
 b - 37 stones (in hand)
Armour
 a - a +0 robe (worn)
Scrolls
 f - 4 scrolls of identify {unknown}
 g - a scroll of enchant weapon {unknown}
 h - a scroll of enchant armour {unknown}
 j - a scroll of remove curse {unknown}
 k - a scroll of blinking {unknown}
Potions
 e - a potion of brilliance {unknown}
 i - a potion of agility {unknown}
Books
 c - a book of Geomancy

   Spells                             Type                      Level
   a - Sandblast                      Earth                        1
   b - Passwall                       Transmutation/Earth          2
   c - Stone Arrow                    Conjuration/Earth            3
   d - Petrify                        Transmutation/Earth          4
   e - Lee's Rapid Deconstruction     Earth                        5
Comestibles
 d - a bread ration


   Skills:
 - Level 2.4 Dodging
 - Level 2.4 Stealth
 * Level 3.5 Spellcasting
   Level 1.1 Transmutations
 + Level 3.3 Earth Magic


You had 6 spell levels left.
You knew the following spells:

 Your Spells              Type           Power        Failure   Level  Hunger
a - Sandblast             Erth           ###...       4%          1    None


You were on level 3 of the Dungeon.
You were not hungry.

You visited 1 branch of the dungeon, and saw 3 of its levels.

You collected 17 gold pieces.

########
#......#
#.####.# #.# #.#
##.####.#
##.....#.#
##...##.#.#
#.......#.#
#.......#@#
#.......#@#
#......##.#
#......##.#
######.†.....#.#
#.....######.#..
#.###.# .### #.#
#... .# #.#
#.####### #.#

Notes
Turn   | Place    | Note
--------------------------------------------------------------
     0 | D:1      | ololoev the Deep Elf Earth Elementalist began the quest for the Orb.
     0 | D:1      | Reached XP level 1. HP: 10/10 MP: 6/6
   106 | D:2      | Found an ancient bone altar of Kikubaaqudgha.
   106 | D:2      | Found a sacrificial altar of Ru.
   228 | D:3      | Noticed Sigmund
   231 | D:3      | Killed from afar by Sigmund

Dungeon Overview and Level Annotations

Branches:
Dungeon (3/15)

Altars:
Kikubaaqudgha
Ru

Annotations:
D:3 Sigmund


Message History

Found 9 gold pieces.
You now have 17 gold pieces (gained 9).
Found a short sword.
A goblin comes into view.
b - 43 stones (in hand)
Casting: Sandblast
Confirm with . or Enter, or press ? or * to list all spells.
Aiming: Sandblast
Press: ? - help, Shift-Dir - straight line, f - goblin
Aim: a goblin (resting)
The rocky blast hits the goblin.
You kill the goblin!
As you open the door, it creaks loudly!
Found an ancient bone altar of Kikubaaqudgha and a sacrificial altar of Ru.
There is an open door here.
Magic restored.
A giant newt comes into view.
Casting: Sandblast
Confirm with . or Enter, or press ? or * to list all spells.
Aiming: Sandblast
Press: ? - help, Shift-Dir - straight line, f - giant newt
Aim: a giant newt (resting)
The rocky blast hits the giant newt.
You kill the giant newt!
Found a scroll labeled NYTAES XYABLIETU.
g - a scroll labeled NYTAES XYABLIETU
Found a scroll labeled DIMEYT BIZXI.
h - a scroll labeled DIMEYT BIZXI
Found a stone staircase leading down.
Found a puce potion.
There is a stone staircase leading down here.
i - a puce potion
(D) Dungeon
Where to? (Enter - D:2 @ (x,y), ? - help)
There is a stone staircase leading down here.
You climb downwards.
Found a scroll labeled GERCHYHINON.
There is a stone staircase leading up here.
j - a scroll labeled GERCHYHINON
Found an escape hatch in the ceiling.
There is an escape hatch in the ceiling here.
A bat comes into view.
Found a scroll labeled RORILER OSKADD.
An orc comes into view.
The bat barely misses you.
Casting: Sandblast
Confirm with . or Enter, or press ? or * to list all spells.
Aiming: Sandblast
Press: ? - help, Shift-Dir - straight line, f - bat
Aim: a bat The rocky blast misses the bat.
The bat hits you. The bat hits you but does no damage.
Casting: Sandblast
Confirm with . or Enter, or press ? or * to list all spells.
Aiming: Sandblast
Press: ? - help, Shift-Dir - straight line, f/p - bat
Aim: a bat The rocky blast hits the bat.
You kill the bat!
The orc shouts!
Casting: Sandblast
Confirm with . or Enter, or press ? or * to list all spells.
Aiming: Sandblast
Press: ? - help, Shift-Dir - straight line, f - orc
Aim: an orc The rocky blast misses the orc.
Casting: Sandblast
Confirm with . or Enter, or press ? or * to list all spells.
Aiming: Sandblast
Press: ? - help, Shift-Dir - straight line, f/p - orc
Aim: an orc The rocky blast hits the orc.
You kill the orc!
k - a scroll labeled RORILER OSKADD Sigmund the Dreaded comes into view.
He is wielding a scythe.
Sigmund shouts!
Sigmund gestures at you while chanting. The magic dart hits you!
Ouch! That really hurt!
You die...

You could see Sigmund.

Vanquished Creatures
  An orc (D:3)
  A goblin (D:2)
  A bat (D:3)
  A giant newt (D:2)
4 creatures vanquished.

Action                   || total
-------------------------++-------
 Cast: Sandblast         ||     6
Armor: Robe              ||     1
Dodge: Dodged            ||     1

Vault maps used:
D:1:      saegor_arrival_simple_f
D:2:      nemelex_deck, gammafunk_temple_overflow_elements
D:3:      first_bread, nicolae_gozag_cash_rules_everything_around_me,
          uniq_sigmund
